 Dungeon Crawl Stone Soup version 0.22-a0-379-ga9d99d6 (webtiles) character file.

172 JeffiDaFish the Grave Robber (level 5, -4/38 HPs)
             Began as a Draconian Necromancer on Apr 28, 2018.
             Killed from afar by an orc wizard (6 damage)
             ... with a puff of flame
             ... on level 3 of the Dungeon.
             The game lasted 00:07:09 (3876 turns).

JeffiDaFish the Grave Robber (DrNe)                 Turns: 3876, Time: 00:07:10

Health: -4/38      AC:  6    Str: 11    XL:     5   Next: 27%
Magic:  3/10       EV: 12    Int: 16    God:
Gold:   125        SH:  0    Dex: 11    Spells: 4/11 levels left

rFire    x . .     SeeInvis .   a - +0 dagger
rCold    + . .     Gourm    .   (no shield)
rNeg     . . .     Faith    .   (armour unavailable)
rPois    .         Spirit   .   (helmet restricted)
rElec    .         Reflect  .   (no cloak)
rCorr    .         Harm     .   i - +0 pair of gloves (curse)
MR       .....                  (no boots)
Stlth    +.........             (no amulet)
HPRegen  0.12/turn              d - +3 ring of slaying
MPRegen  0.12/turn              k - ring of ice

@: confused
A: unfitting armour, cold-blooded, AC +5
a: no special abilities


You were on level 3 of the Dungeon.
You were not hungry.

You visited 1 branch of the dungeon, and saw 3 of its levels.

You collected 125 gold pieces.

Inventory:

Hand Weapons
 a - a +0 dagger (weapon)
Armour
 i - a cursed +0 pair of gloves (worn)
Jewellery
 d - a +3 ring of slaying (left hand)
 f - an uncursed ring of resist corrosion
 k - a ring of ice (right hand)
Wands
 g - a wand of random effects (3)
Scrolls
 c - a scroll of identify
 e - 5 scrolls of remove curse
 h - a scroll of immolation
 j - a scroll of teleportation
Comestibles
 b - 4 rations
 l - a chunk of flesh


   Skills:
 - Level 2.0 Dodging
 - Level 1.7 Stealth
 + Level 3.8 Spellcasting
 + Level 5.3 Necromancy


You had 4 spell levels left.
You knew the following spells:

 Your Spells              Type           Power        Failure   Level  Hunger
a - Pain                  Necr           ###.         1%          1    None
b - Vampiric Draining     Necr           ###.......   5%          3    ###....
c - Regeneration          Chrm/Necr      ##........   17%         3    ###....


Dungeon Overview and Level Annotations

Branches:
Dungeon (3/15)

Altars:
Fedhas
Yredelemnul
The Shining One

Annotations:
D:3 charlessucks's ghost, novice KoBe


Innate Abilities, Weirdness & Mutations

Your plain brown scales are hard. (AC +5)
You cannot fit into any form of body armour.
You are cold-blooded and may be slowed by cold attacks.


Message History

The magic dart hits you!
* * * LOW HITPOINT WARNING * * *
You miss something.
You hear some strange, mumbled words.
You are confused.
Something hits you.
* * * LOW HITPOINT WARNING * * *
You miss something. Something hits you.
* * * LOW HITPOINT WARNING * * *
You closely miss something.
You hear some strange, mumbled words.
Something tries to affect you, but you resist.
You feel less confused.
You hear some strange, mumbled words.
You are confused.
You're too confused to cast spells.
There isn't anything here!
A puff of flame appears from out of thin air!
The puff of flame hits you! The fire burns you terribly!
You die...

.....W................#.........[
......<...............#..........
.................<....#..........
#.#####...............#..........
..§§§......#..........#........#.
#§§§######.#....... ..........
#§..# ..#...... #.#.#...#. #...§.
........#######.#.#...#. #.......
.......@#.............#.
#................#..........#.##.
.......................######....
#................#....## #....
#...............).....# ##... #
.......)#.(.## ###. ...####)#####
#.. #.# #.# #.. .. #.. #..


There were no monsters in sight!

Vanquished Creatures
  An orc priest (D:3)
  Terence (D:2)
  5 adders
  An ooze (D:2)
  A worm (D:2)
  A dart slug (D:3)
  2 leopard geckos (D:2)
  5 orcs (D:3)
  2 giant cockroaches
  5 goblins
  6 hobgoblins
  4 jackals (D:2)
  5 kobolds
  7 bats
  6 frilled lizards
  5 rats
57 creatures vanquished.

Notes
Turn   | Place    | Note
-------+----------+-------------------------------------------
     0 | D:1      | JeffiDaFish the Draconian Necromancer began the quest for the Orb.
     0 | D:1      | Reached XP level 1. HP: 14/14 MP: 3/3
   265 | D:1      | Reached XP level 2. HP: 9/20 MP: 0/5
  1137 | D:2      | Found a blossoming altar of Fedhas.
  1177 | D:2      | Reached XP level 3. HP: 23/26 MP: 3/6
  1226 | D:2      | Learned a level 3 spell: Vampiric Draining
  1267 | D:2      | HP: 1/26 [poisoned by an adder]
  1605 | D:2      | Learned a level 3 spell: Regeneration
  1898 | D:2      | Noticed Terence
  1958 | D:1      | Reached XP level 4. HP: 11/33 MP: 0/8
  2271 | D:2      | Killed Terence
  2482 | D:2      | Found a glowing golden altar of the Shining One.
  2487 | D:2      | Found a basalt altar of Yredelemnul.
  2489 | D:2      | Noticed a profane servitor
  2630 | D:2      | Reached skill level 5 in Necromancy
  2818 | D:2      | Noticed an angel
  2897 | D:3      | Noticed charlessucks's ghost (novice KoBe)
  3297 | D:3      | HP: 1/33 [poisoned by an adder]
  3734 | D:3      | Reached XP level 5. HP: 34/38 MP: 5/10
  3871 | D:3      | HP: 1/38 [something (1)]
  3876 | D:3      | Killed from afar by an orc wizard

Vault maps used:
D:1:      lightli_arrival_chessboard
D:2:      grunt_temple_overflow_holy_war, lemuel_coloured_pillars_altar,
          uniq_terence
D:3:      chequers_ecumenical_altar_lobes

Skill      XL: |  1  2  3  4 |
---------------+-------------+-----
Dodging        | 2 |  2.0
Spellcasting   | 3 |  3.8
Necromancy     | 5 |  5.3
Stealth        | |  1.7

Action                   |  1- 3 |  4- 6 || total
-------------------------+-------+-------++-------
Melee: Dagger            |    50 |    52 ||   102
       Tailslap          |     1 |     6 ||     7
 Cast: Pain              |    56 |    45 ||   101
       Vampiric Draining |     1 |     5 ||     6
       Regeneration      |       |     1 ||     1
  Use: Scroll            |     6 |     2 ||     8
       Potion            |     4 |       ||     4
 Stab: Sleeping          |     2 |     2 ||     4
  Eat: Chunk             |     3 |     7 ||    10
Armor: Skin              |    20 |    33 ||    53
Dodge: Dodged            |    41 |    44 ||    85

Table legend:
 A = Spawn XP
 B = Non-spawn XP
 C = Spawn XP percentage of total XP
 D = Spawn monster count
 E = Non-spawn monster count
 F = Spawn count percentage of total count
 G = Total turns spent on level
                    A         B        C        D         E        F      G
               +---------+---------+-------+---------+---------+-------+---------
         Total |       0 |     246 |   0.0 |       0 |      57 |   0.0 |  3876
               +---------+---------+-------+---------+---------+-------+---------
           D:1 |       0 |      32 |   0.0 |       0 |      20 |   0.0 |  1296
           D:2 |       0 |     113 |   0.0 |       0 |      20 |   0.0 |  1780
           D:3 |       0 |     101 |   0.0 |       0 |      17 |   0.0 |   800
               +---------+---------+-------+---------+---------+-------+---------
